 Dungeon Crawl Stone Soup version 0.24.0-37-gcf1ca852f1 (webtiles) character file.

Game seed: 235873087445805884, levelgen mode: deterministic

641 Iamsoldier the Cudgeler (level 7, 0/55 HPs)
             Began as a Demonspawn Gladiator on Nov 27, 2019.
             Succumbed to a worker ant's poison
             ... on level 4 of the Dungeon.
             The game lasted 00:12:02 (5965 turns).

Iamsoldier the Cudgeler (Demonspawn Gladiator)      Turns: 5965, Time: 00:12:02

Health: 0/55       AC:  5    Str: 17    XL:     7   Next: 26%
Magic:  7/7        EV: 14    Int:  9    God:
Gold:   243        SH:  0    Dex: 14    Spells: 6/6 levels left

rFire    + . .     SeeInvis .   a - +0 flail
rCold    + . .     Gourm    .   (no shield)
rNeg     . . .     Faith    .   l - +0 ring mail
rPois    .         Spirit   .   (helmet restricted)
rElec    .         Reflect  .   (no cloak)
rCorr    +         Harm     .   (no gloves)
MR       .....                  (no boots)
Stlth    +.........             (no amulet)
HPRegen  0.18/turn              v - ring of resist corrosion
MPRegen  0.10/turn              m - ring of protection from cold

@: lethally poisoned (0 -> -7), very slightly contaminated, invisible
A: antennae 2, fire resistance 1, flame cloud immunity, sturdy frame 1
a: no special abilities


You were on level 4 of the Dungeon.
You were hungry.

You visited 1 branch of the dungeon, and saw 5 of its levels.

You collected 243 gold pieces.

Inventory:

Hand Weapons
 a - a +0 flail (weapon)
Missiles
 d - 3 throwing nets (quivered)
 r - 37 poisoned darts
Armour
 c - a +0 helmet
 l - a +0 ring mail (worn)
Jewellery
 m - a ring of protection from cold (right hand)
 v - a ring of resist corrosion (left hand)
Wands
 x - a wand of enslavement (8)
Scrolls
 b - a scroll of random uselessness
 g - 8 scrolls of identify
 h - 3 scrolls of magic mapping {unknown}
 j - 6 scrolls of teleportation {unknown}
 k - 6 scrolls of remove curse {unknown}
 n - a scroll of enchant armour {unknown}
 p - 2 scrolls of amnesia {unknown}
Potions
 i - a potion of magic
 w - a potion of brilliance
Comestibles
 f - 4 rations


   Skills:
 + Level 4.3 Fighting
 + Level 4.5 Maces & Flails
 - Level 1.9 Throwing
 + Level 3.1 Armour
 + Level 4.5 Dodging


You had 6 spell levels left.
You didn't know any spells.
Your spell library was empty.

Dungeon Overview and Level Annotations

Branches:
Dungeon (5/15)
 Temple: D:4-7

Altars:
Cheibriados
Kikubaaqudgha
Makhleb


Innate Abilities, Weirdness & Mutations

You have a pair of antennae on your head.
Your flesh is heat resistant. (rF+)
You are immune to clouds of flame.
Your movements are slightly less encumbered by armour. (ER -2)


Message History

[Y]es or [N]o only, please.
Really abort (and waste the scroll)? [Y]es or [N]o only, please.
Really abort (and waste the scroll)? [Y]es or [N]o only, please.
Really abort (and waste the scroll)?
b - a scroll of random uselessness
* * * LOW HITPOINT WARNING * * *
You feel sick.
Blink to where?
Press: ? - help, Dir - move target cursor, f - you Are you sure you want to cancel this blink?
Okay, then.
As you read the scroll labeled EHETSO QUKUF, it crumbles to dust.
It was a scroll of blinking.
* * * LOW HITPOINT WARNING * * *
You feel sick.
As you read the scroll labeled BUC NESURUTH, it crumbles to dust.
The scroll dissolves into smoke.
It was a scroll of fog.
You die...

# #.......## #.# #...# #
#.#####..# ###.###..#### # #.#
##.# #............ ####.# #.#
#.#####..#### .##..# ##.##
##'## #..# # ...#.#####...###
###...####..# #
..###....'.⌠...###...⌠...##..#
#
...#.##..#.....§§§§....#.##..#
#
.##......###...§@§§..###.....#
#
#######....###.§§§§###.......#
# #### ##...# ##.§§##
#####(#.# ...# #..####.....###
#.#.#### ...#
#(###....>....### #.#....#
...#
#.#.............###.###...
#.## #.'.⌠...###...⌠.'.#.#
#..# #.# ###...###.###...#.#.#
#..# ..# ##'##..#.###'##.#.#
#..#


There were no monsters in sight!

Vanquished Creatures
  Grinder (D:4)
  A wyvern (D:4)
  An ogre (D:4)
  Natasha (twice) (D:4)
  A worker ant (D:4)
  Robin (D:2)
  A howler monkey skeleton (D:4)
  6 adders
  An ooze (D:3)
  2 worms
  A dart slug (D:1)
  2 leopard geckos
  An orc (D:3)
  7 bats
  3 giant cockroaches
  16 goblins
  10 hobgoblins
  4 jackals (D:2)
  A quokka (D:2)
  8 frilled lizards
  A kobold (D:3)
  10 rats
81 creatures vanquished.

Notes
Turn   | Place    | Note
-------+----------+-------------------------------------------
     0 | D:1      | Iamsoldier the Demonspawn Gladiator began the quest for the
                  | Orb.
     0 | D:1      | Reached XP level 1. HP: 16/16 MP: 1/1
   430 | D:1      | Gained mutation: Your flesh is heat resistant. (rF+)
                  | [demonic ancestry]
   430 | D:1      | Reached XP level 2. HP: 16/22 MP: 2/2
  1023 | D:2      | Reached XP level 3. HP: 13/28 MP: 3/3
  1301 | D:2      | Noticed Robin
  1358 | D:2      | Reached skill level 1 in Armour
  1387 | D:2      | Killed Robin
  1387 | D:2      | Gained mutation: You have a pair of small antennae on your
                  | head. [demonic ancestry]
  1387 | D:2      | Reached XP level 4. HP: 8/34 MP: 4/4
  2638 | D:3      | Found a burning altar of Makhleb.
  3291 | D:3      | Found a snail-covered altar of Cheibriados.
  3973 | D:3      | Gained mutation: You have a pair of antennae on your head.
                  | [demonic ancestry]
  3973 | D:3      | Reached XP level 5. HP: 35/41 MP: 5/5
  4226 | D:3      | Found an ancient bone altar of Kikubaaqudgha.
  4500 | D:4      | Noticed an ogre
  4500 | D:4      | Noticed Grinder
  4516 | D:4      | Noticed Natasha
  4527 | D:4      | Killed an ogre
  4530 | D:4      | Killed Natasha
  4530 | D:4      | Gained mutation: You are immune to clouds of flame.
                  | [demonic ancestry]
  4530 | D:4      | Reached XP level 6. HP: 13/47 MP: 6/6
  4885 | D:4      | Noticed a wyvern
  4893 | D:4      | Killed a wyvern
  5111 | D:4      | Noticed Natasha
  5128 | D:4      | Killed Natasha
  5474 | D:4      | Paralysed by Grinder for 7 turns
  5489 | D:4      | Paralysed by Grinder for 7 turns
  5497 | D:4      | Killed Grinder
  5497 | D:4      | Gained mutation: Your movements are slightly less
                  | encumbered by armour. (ER -2) [demonic ancestry]
  5497 | D:4      | Reached XP level 7. HP: 8/54 MP: 7/7
  5932 | D:5      | Entered Level 5 of the Dungeon
  5963 | D:4      | HP: 2/55 [poisoned by a worker ant]
  5965 | D:4      | Succumbed to a worker ant's poison

Levels and vault maps discovered:
D:1:      tarquinn_simple_flora_water_c, layout_rooms, minmay_misc_feat_pillars
D:2:      layout_rooms, uniq_robin
D:3:      layout_loops_cross, nicolae_overflow_crystal_walls,
          nicolae_overflow_hidden_temple, bloody_makhleb
D:4:      layout_loops_ring, grunt_ministairs_13, uniq_grinder, uniq_natasha
D:5:      layout_cave_pools, led_xom_imps, kennysheep_mini_moat,
          lemuel_round_altar, kennysheep_little_box, first_ration,
          serial_column_ruins, column_ruins_open_small,
          column_ruins_open_small_water, column_ruins_grid_3,
          column_ruins_grid_3, column_ruins_grid_4, column_ruins_grid_2,
          grunt_dithmenos_smoke, uniq_eustachio, uniq_blork_the_orc, uniq_edmund

Skill      XL: |  1  2  3  4  5  6 |
---------------+-------------------+-----
Maces & Flails | 3 4 |  4.5
Dodging        | 3 4 |  4.5
Armour         | 1 2 3 |  3.1
Fighting       | 3 4 |  4.3
Throwing       | |  1.9

Action                   |  1- 3 |  4- 6 |  7- 9 || total
-------------------------+-------+-------+-------++-------
Melee: Flail             |   144 |   193 |    22 ||   359
  Use: Potion            |     4 |     5 |     2 ||    11
       Scroll            |       |       |     3 ||     3
  Eat: Chunk             |     1 |    11 |       ||    12
       Ration            |       |     1 |       ||     1
Armor: Leather armour    |    13 |       |       ||    13
       Ring mail         |    92 |    67 |    16 ||   175
Dodge: Dodged            |   186 |   153 |    29 ||   368
